 Dungeon Crawl Stone Soup version 0.17-b1-15-g0f5fb43 (webtiles) character file.

24 Hanyuu the Insei (level 3, 0/23 HPs)
             Began as an Octopode Transmuter on Nov 4, 2015.
             Succumbed to an adder's poison
             ... on level 3 of the Dungeon.
             The game lasted 00:02:18 (1211 turns).

Hanyuu the Insei (Octopode Transmuter)              Turns: 1211, Time: 00:02:18

Health: 0/23       AC:  1    Str:  9    XL:     3   Next: 2%
Magic:  6/6        EV: 12    Int: 16    God:
Gold:   35         SH:  0    Dex: 12    Spells: 2 memorised, 3 levels left

rFire  . . .     SeeInvis +       - Unarmed
rCold  . . .     Clarity  .     (no shield)
rNeg   . . .     SustAt   .     (helmet restricted)
rPois  .         Gourm    .     (no amulet)
rElec  .         Spirit   .     d - ring of see invisible
rCorr  .         Warding  .     (no ring)
rMut   .         Stasis   .     (no ring)
MR     .....                    (no ring)
Stlth  ++........               (no ring)
                                (no ring)
                                (no ring)
                                (no ring)

@: lethally poisoned (0 -> -9), not resistant to hostile enchantments,
unstealthy
A: almost no armour, amphibious, 8 rings, constrict 8, camouflage 1, gelatinous
body 1
a: no special abilities


You were on level 3 of the Dungeon.
You were hungry.

You visited 1 branch of the dungeon, and saw 3 of its levels.

You collected 35 gold pieces.

Inventory:

Missiles
 a - 23 arrows
 l - 8 poisoned needles
Jewellery
 d - a ring of see invisible (left tentacle)
 g - an uncursed ring of protection from cold {unknown}
 h - an uncursed ring of fire {unknown}
 m - a cursed -2 ring of strength {unknown}
Scrolls
 e - a scroll of teleportation
 j - a scroll of random uselessness {unknown}
Potions
 f - a potion of heal wounds {unknown}
Books
 b - a book of Changes

   Spells                             Type                      Level
   a - Beastly Appendage              Transmutation                1
   b - Sticks to Snakes               Transmutation                2
   c - Spider Form                    Transmutation/Poison         3
   d - Ice Form                       Ice/Transmutation            4
   e - Blade Hands                    Transmutation                5
Comestibles
 c - a bread ration
 i - a beef jerky
 k - 2 meat rations


   Skills:
 + Level 1.3 Fighting
 - Level 2.0 Dodging
 + Level 4.0 Unarmed Combat
 - Level 2.0 Spellcasting
 - Level 2.0 Transmutations


You had 3 spell levels left.
You knew the following spells:

 Your Spells              Type           Power        Failure   Level  Hunger
a - Beastly Appendage     Trmt           #.....       10%         1    #......
b - Sticks to Snakes      Trmt           #.........   14%         2    ###....


Dungeon Overview and Level Annotations

Branches:
Dungeon (3/15)

Altars:


Innate Abilities, Weirdness & Mutations

You cannot wear most types of armour.
You are amphibious.
You can wear up to eight rings at the same time.
You can use your tentacles to constrict eight enemies at once.
Your skin changes colour to match your surroundings (Stealth).
Your rubbery body absorbs attacks (AC +1).


Message History

* * * LOW HITPOINT WARNING * * *
You feel sick. The kobold closely misses you.
You slide downwards.
The hatch slams shut behind you.
A giant cockroach comes into view.
* * * LOW HITPOINT WARNING * * *
You feel sick.
Found a smoky inky potion.
The helpless giant cockroach fails to defend itself.
You tentacle-slap the giant cockroach.
You kill the giant cockroach!
You have reached level 3!
Your experience leads to an increase in your attributes!
Increase (S)trength, (I)ntelligence, or (D)exterity?
You feel clever. The kobold hits you.
* * * LOW HITPOINT WARNING * * *
You tentacle-slap the kobold.
You kill the kobold!
Your tentacle spike disappears.
You die...

##########
.........#
.........#
.........#
.........#
!......@.#
.........#
.........#
##########


There were no monsters in sight!

Vanquished Creatures
  3 giant cockroaches
  4 goblins (D:1)
  2 hobgoblins (D:1)
  5 kobolds
  7 bats
  A giant newt (D:1)
  2 rats (D:1)
24 creatures vanquished.

Notes
Turn   | Place    | Note
--------------------------------------------------------------
     0 | D:1      | Hanyuu the Octopode Transmuter began the quest for the Orb.
     0 | D:1      | Reached XP level 1. HP: 13/13 MP: 3/3
   306 | D:1      | Reached XP level 2. HP: 16/18 MP: 3/5
  1016 | D:1      | Reached skill level 4 in Unarmed Combat
  1080 | D:1      | Learned a level 2 spell: Sticks to Snakes
  1210 | D:3      | Reached XP level 3. HP: 3/23 MP: 6/6
  1210 | D:3      | HP: 1/23 [kobold (2)]
  1211 | D:3      | Succumbed to an adder's poison

Action                   || total
-------------------------++-------
Melee: Unarmed           ||    54
 Cast: Beastly Appendage ||     3
  Use: Scroll            ||     1
 Stab: Sleeping          ||     4
